 Dungeon Crawl Stone Soup version 0.30.1-9-gdf580d7c3d (webtiles) character file.

Game seed: 541768117446987819

160 Cheops the Firebug (level 5, -1/42 HPs)
             Began as a Naga Fire Elementalist on Sept 29, 2023.
             Slain by an orc
             ... wielding a +0 dagger
              (2 damage)
             ... on level 3 of the Dungeon.
             The game lasted 00:09:46 (2794 turns).

Cheops the Firebug (Naga Fire Elementalist)         Turns: 2794, Time: 00:09:47

Health: -1/42      AC:  2    Str: 11    XL:     5   Next: 41%
Magic:  1/8        EV:  9    Int: 17    God:
Gold:   174        SH:  0    Dex: 11    Spells: 2/8 levels left

rFire   . . .        a - +0 trident (protect)
rCold   . . .        (no shield)
rNeg    . . .        p - +0 robe
rPois   +            (no helmet)
rElec   .            (no cloak)
rCorr   .            (no gloves)
SInv    +            (no barding)
Will    .....        (no amulet)
Stlth   ++           (no ring)
HPRegen 0.27/turn    (no ring)
MPRegen 0.11/turn

%: no passive effects
@: very slow
A: AC +1, large, see invisible, deformed body, poison resistance, slowness 2,
spit poison 1, naga tail 1
a: Spit Poison


You were on level 3 of the Dungeon.
You visited 1 branch of the dungeon, and saw 3 of its levels.

You collected 174 gold pieces.

Inventory:

Hand Weapons
 a - a +0 trident of protection (weapon)
 n - a +0 dagger
Armour
 p - a +0 robe (worn)
Scrolls
 c - a scroll of poison {unknown}
 e - a scroll of amnesia {unknown}
 j - 3 scrolls of identify {unknown}
 k - 2 scrolls of blinking {unknown}
 l - a scroll of brand weapon {unknown}
 m - a scroll of noise {unknown}
 o - a scroll of teleportation {unknown}
Potions
 b - a potion of magic
 d - 2 potions of heal wounds {unknown}
 f - a potion of mutation {unknown}
 g - 2 potions of might {unknown}
 h - a potion of degeneration {unknown}
 i - 2 potions of curing {unknown}


   Skills:
 - Level 1.5 Dodging
 - Level 3.0 Stealth
 - Level 2.0 Spellcasting
 - Level 4.0 Conjurations
 + Level 4.3 Fire Magic


You had 2 spell levels left.
You knew the following spells:

 Your Spells              Type           Power      Damage    Failure   Level
a - Foxfire               Conj/Fire      60%        2x1d7     3%          1
s - Scorch                Fire           32%        2d6       4%          2
v - Volatile Blastmotes   Fire/Tloc      18%        2d11      24%         3

Your spell library contained the following spells:

 Spells                   Type           Power      Damage    Failure   Level
 Momentum Strike          Conj/Tloc      16%        3d8       13%         2
 Blink                    Tloc           2%         N/A       28%         2
 Lesser Beckoning         Tloc           2%         N/A       28%         2
 Inner Flame              Hex/Fire       9%         N/A       24%         3
 Flame Wave               Conj/Fire      15%        2d7       34%         4
 Call Canine Familiar     Summ           1%         N/A       50%         3
 Portal Projectile        Hex/Tloc       2%         N/A       50%         3
 Tukima's Dance           Hex            1%         N/A       50%         3
 Leda's Liquefaction      Hex/Erth       0%         N/A       88%         4
 Blade Hands              Tmut           0%         N/A       99%         5


Dungeon Overview and Level Annotations

Branches:
Dungeon (3/15)

Altars:


Innate Abilities, Weirdness & Mutations

Your serpentine skin is tough. (AC +1)
You have supernaturally acute eyesight. (SInv)
Armour fits poorly on your strangely shaped body.
Your system is resistant to poisons. (rPois)
You cover ground very slowly.
You can spit poison.
You have a snake-like lower body.


Message History

You conjure some foxfire!
The foxfire hits the orc priest but does no damage.
The orc priest is heavily wounded.
The foxfire hits the orc.
The orc is heavily wounded.
The orc priest hits you with a +0 hand axe.
Aiming: Spit Poison (1% risk of failure)
Press: ? - help, Shift-Dir - straight line, f - orc priest
Aim: an orc priest, wielding a +0 hand axe and wearing a +0 scale mail (heavily wounded, ally target, 65% to hit)
You fail to use your ability.
The foxfire hits the orc.
The orc is severely wounded.
The orc priest mumbles some strange prayers to Beogh against you.
Beogh smites you!
* * * LOW HITPOINT WARNING * * *
The orc closely misses you.
You hit the orc priest.
Your weapon exudes an aura of protection.
The orc priest is almost dead.
The orc priest closely misses you. The orc hits you with a +0 dagger.
* * * LOW HITPOINT WARNING * * *
The orc hits you but does no damage. The orc hits you with a +0 club.
* * * LOW HITPOINT WARNING * * *
The orc attacks as you move away! The orc hits you but does no damage.
The orc attacks as you move away! The orc barely misses you.
The orc priest calls upon Beogh to heal the orc.
The orc's wounds heal themselves!
The orc misses you.
The orc hits you with a +0 dagger of holy wrath.
* * * LOW HITPOINT WARNING * * *
The orc hits you but does no damage. The orc completely misses you.
The orc priest calls upon Beogh to heal the orc.
The orc's wounds heal themselves!
The orc hits you with a +0 dagger.
* * * LOW HITPOINT WARNING * * *
There is an open door here.
You barely miss the orc.
The orc priest mumbles some strange prayers to Beogh against you.
Beogh smites you!
* * * LOW HITPOINT WARNING * * *
The orc hits you with a +0 dagger.
You die...

###.##......
..#
..)...#...##..#
#....#......
.###.........
.........#.#
#..o..# ..
#..o#..... ...
#.#o# ### ....
#.#@#######
##....
#.........#
......
#.........#
......
#.........#
..#.
##...###### ..#
#...# ..#
####...## ###
#.......# ##
####.##.#


You could see an orc priest and 2 orcs.

Vanquished Creatures
  2 orc priests (D:3)
  2 adders
  2 dart slugs
  5 orcs (D:3)
  4 ball pythons
  8 bats
  5 endoplasms
  3 giant cockroaches
  4 goblins
  13 hobgoblins
  5 jackals (D:2)
  2 frilled lizards (D:1)
  5 kobolds
  13 rats
73 creatures vanquished.

Vanquished Creatures (others)
  198 foxfires
198 creatures vanquished.

Grand Total: 271 creatures vanquished

Notes
Turn   | Place    | Note
-------+----------+-------------------------------------------
     0 | D:1      | Cheops the Naga Fire Elementalist began the quest for the
                  | Orb.
     0 | D:1      | Reached XP level 1. HP: 15/15 MP: 3/3
   109 | D:1      | Reached XP level 2. HP: 22/22 MP: 1/5
   198 | D:1      | Learned a level 2 spell: Scorch
   523 | D:1      | Reached XP level 3. HP: 8/28 MP: 1/6
   615 | D:1      | Learned a level 3 spell: Volatile Blastmotes
  1833 | D:2      | Reached XP level 4. HP: 32/36 MP: 2/7
  2459 | D:3      | Reached XP level 5. HP: 37/42 MP: 0/8
  2794 | D:3      | HP: 1/42 [orc priest/divine providence (11)]
  2794 | D:3      | Slain by an orc

Illustrated notes

Levels and vault maps discovered:
D:1:      minmay_arrival_hallway, layout_basic
D:2:      layout_loops_corners, minmay_rat_gold_closets
D:3:      layout_basic, trog_butcher_becter

Skill      XL: |  1  2  3  4 |
---------------+-------------+-----
Conjurations   | 2 3 4 |  4.0
Fire Magic     | 4 |  4.3
Dodging        | |  1.5
Stealth        | |  3.0
Spellcasting   | |  2.0

Action                     |  1- 3 |  4- 6 || total
---------------------------+-------+-------++-------
  Melee: Unarmed           |    18 |       ||    18
         Dagger            |       |     8 ||     8
         Trident           |       |     2 ||     2
   Cast: Foxfire           |    66 |    53 ||   119
         Scorch            |     4 |       ||     4
Ability: Spit Poison       |     4 |     3 ||     7
   Stab: Sleeping          |     1 |       ||     1
 Armour: Robe              |    11 |     5 ||    16
  Dodge: Dodged            |    29 |    17 ||    46
